 Dungeon Crawl Stone Soup version 0.17-a0-1941-gcc30b76 (webtiles) character file.

815 Ordine the Digger (level 7, -3/38 HPs)
             Began as a Gargoyle Earth Elementalist on Sept 30, 2015.
             Was an Initiate of Vehumet.
             Slain by an orc priest
             ... wielding a +0 flail
              (4 damage)
             ... on level 5 of the Dungeon.
             The game lasted 00:22:08 (4861 turns).

Ordine the Digger (Gargoyle Earth Elementalist)     Turns: 4861, Time: 00:22:11

Health: -3/38      AC:  8    Str: 11    XL:     7   Next: 94%
Magic:  1/15       EV: 12    Int: 18    God:    Vehumet [......]
Gold:   291        SH:  0    Dex: 10    Spells: 4 memorised, 6 levels left

rFire  . . .     SeeInvis .     u - +0 flail
rCold  + . .     Clarity  .     b - +0 robe
rNeg   + . .     SustAt   +     (no shield)
rPois  ∞         Gourm    .     (no helmet)
rElec  +         Spirit   .     t - +1 cloak
rCorr  .         Warding  .     (no gloves)
rMut   .         Stasis   .     (no boots)
MR     .....                    (no amulet)
Stlth  ++........               j - ring of protection from cold
                                g - ring of sustain attributes

@: very slightly contaminated, not resistant to hostile enchantments, unstealthy
A: negative energy resistance 1, sense surroundings 1, electricity resistance,
unbreathing, petrification resistance, rot immunity, AC +4
a: Renounce Religion


You were on level 5 of the Dungeon.
You worshipped Vehumet.
Vehumet was noncommittal.
You were very hungry.

You visited 2 branches of the dungeon, and saw 6 of its levels.

You collected 291 gold pieces.

Inventory:

Hand weapons
 u - a +0 flail (weapon)
Missiles
 a - 182 stones (quivered)
Armour
 b - a +0 robe (worn)
 q - a +0 shield
 t - a +1 cloak (worn)
Jewellery
 g - a ring of sustain attributes (left hand)
 j - a ring of protection from cold (right hand)
Scrolls
 h - 4 scrolls of teleportation
 l - 2 scrolls of blinking
 m - a scroll of magic mapping
 r - a scroll of fear
 y - a scroll of amnesia
Potions
 e - 2 potions of brilliance
 k - a potion of curing
 n - 2 potions of cure mutation
 o - a potion of berserk rage
 s - a potion of invisibility {unknown}
 v - 2 potions of ambrosia {unknown}
 x - a potion of resistance
 z - a potion of agility {unknown}
 A - a potion of mutation {unknown}
Books
 c - a book of Geomancy

   Spells                             Type                      Level
   a - Sandblast                      Earth                        1
   b - Stoneskin                      Transmutation/Earth          2
   c - Passwall                       Transmutation/Earth          3
   d - Stone Arrow                    Conjuration/Earth            3
   e - Petrify                        Transmutation/Earth          4
   f - Lee's Rapid Deconstruction     Earth                        5
Comestibles
 d - 6 bread rations
 f - 2 fruits
 i - 3 meat rations
 p - a beef jerky
 w - a slice of pizza
 B - a chunk of flesh


   Skills:
 + Level 1.2 Fighting
 + Level 1.1 Maces & Flails
 + Level 1.3 Armour
 + Level 1.9 Dodging
 - Level 2.1 Stealth
 + Level 0.0 Shields
 * Level 5.8 Spellcasting
 + Level 2.5 Conjurations
 - Level 0.7 Transmutations
 + Level 6.6 Earth Magic


You had 6 spell levels left.
You knew the following spells:

 Your Spells              Type           Power        Failure   Level  Hunger
a - Sandblast             Erth           ####..       1%          1    None
b - Stoneskin             Trmt/Erth      ###.....     4%          2    None
c - Stone Arrow           Conj/Erth      ###...       6%          3    ##.....
d - Lee's Rapid Deconstr  Erth           ####......   24%         5    #####..


Dungeon Overview and Level Annotations

Branches:
Dungeon (5/15)             Temple (1/1) D:4

Altars:
Ashenzari
Cheibriados
Dithmenos
Elyvilon
Fedhas
Gozag
Makhleb
Nemelex Xobeh
Qazlal
Ru
Sif Muna
Trog
Vehumet
Xom
Yredelemnul
Zin

Shops:
D:5 }


Innate Abilities, Weirdness & Mutations

You are resistant to torment.
Your stone body is resilient (AC +4).
You are immune to poison.
You resist negative energy.
You are resistant to electric shocks.
You can survive without breathing.
You are immune to petrification.
You are immune to rotting.
You passively map a small area around you.


Message History

Confirm with . or Enter, or press ? or * to list all spells.
Aiming: Sandblast
Press: ? - help, Shift-Dir - straight line, f/p - orc priest
Aim: an orc priest, wielding a flail and wearing a leather armour (moderately wounded)
The blast of sand hits the orc priest.
The orc priest is moderately wounded.
The orc priest hits you but does no damage.
The orc priest miscasts a cantrip.
Casting: Sandblast
Confirm with . or Enter, or press ? or * to list all spells.
Aiming: Sandblast
Press: ? - help, Shift-Dir - straight line, f/p - orc priest
Aim: an orc priest, wielding a flail and wearing a leather armour (moderately wounded)
The blast of sand hits the orc priest.
The orc priest is moderately wounded.
The orc priest invokes the aid of Beogh against you.
Something smites you!
* * * LOW HITPOINT WARNING * * *
The orc priest hits you with a flail.
You die...

### ######### #...
#.......# #..#
##.##.##.# #..# ,
#......#.## #..# *
###..###..####..##...
#......#..ooo.)...o.♣,
,
##.##.##.@####.###...
#......#..# .# *, * *
#.####.##.# * .. ,* *
#......##.# * ...*
##.##.###.###.##.# , *
***#......#....#.# .#
* * ###..####......
.#, *# *
,#......##.... , ,.
*..##.##§###..., ####


You could see 2 orc priests and an orc.

Vanquished Creatures
  Sigmund (D:2)
  The ghost of johnspovegas the Skirmisher, an average DsAK of Lugonu (D:4)
  A crimson imp (D:3)
  2 orc priests (D:4)
  A giant frog skeleton (D:5)
  3 orc wizards
  2 hounds
  An iguana (D:4)
  A worker ant (D:4)
  10 adders
  A shadow imp (D:5)
  3 worms
  An adder skeleton (D:3)
  A giant gecko (D:4)
  14 orcs
  A ball python (D:1)
  9 goblins
  4 hobgoblins
  9 jackals (D:1)
  3 quokkas
  11 bats
  7 giant cockroaches
  4 giant newts
  8 kobolds
  4 rats
103 creatures vanquished.

Notes
Turn   | Place    | Note
--------------------------------------------------------------
     0 | D:1      | Ordine the Gargoyle Earth Elementalist began the quest for the Orb.
     0 | D:1      | Reached XP level 1. HP: 10/10 MP: 3/3
   430 | D:1      | You fall through a shaft!
   484 | D:1      | Reached skill level 4 in Earth Magic
   484 | D:1      | Reached XP level 2. HP: 3/15 MP: 0/5
   729 | D:1      | Learned a level 2 spell: Stoneskin
  1045 | D:1      | Reached XP level 3. HP: 16/19 MP: 0/6
  1497 | D:2      | Noticed Sigmund
  1505 | D:2      | Killed Sigmund
  1505 | D:2      | Reached skill level 5 in Earth Magic
  1505 | D:2      | Reached XP level 4. HP: 13/24 MP: 0/10
  1505 | D:2      | Reached XP level 5. HP: 15/28 MP: 0/11
  1854 | D:2      | Reached XP level 6. HP: 32/32 MP: 9/12
  1859 | D:2      | Learned a level 3 spell: Stone Arrow
  1865 | D:2      | Learned a level 5 spell: Lee's Rapid Deconstruction
  1946 | D:2      | Found a blossoming altar of Fedhas.
  2795 | D:3      | Reached skill level 5 in Spellcasting
  2795 | D:3      | Reached skill level 1 in Conjurations
  2889 | D:3      | Gained mutation: You passively map a small area around you. [potion of beneficial mutation]
  2897 | D:3      | Reached skill level 6 in Earth Magic
  3202 | D:4      | Noticed johnspovegas's ghost (average DsAK)
  3213 | D:4      | Killed johnspovegas's ghost
  3213 | D:4      | Reached XP level 7. HP: 32/36 MP: 2/15
  3716 | D:4      | Found a staircase to the Ecumenical Temple.
  3739 | Temple   | Entered the Ecumenical Temple
  3752 | Temple   | Became a worshipper of Vehumet
  3900 | D:4      | Found a shadowy altar of Dithmenos.
  3901 | D:4      | Found a basalt altar of Yredelemnul.
  3901 | D:4      | Found a white marble altar of Elyvilon.
  3905 | D:4      | Found a stormy altar of Qazlal.
  3905 | D:4      | Found a shimmering altar of Xom.
  3906 | D:4      | Found a shattered altar of Ashenzari.
  4069 | D:4      | Found a sacrificial altar of Ru.
  4375 | D:4      | Reached skill level 1 in Maces & Flails
  4487 | D:5      | Entered Level 5 of the Dungeon
  4586 | D:5      | Found a sparkling altar of Nemelex Xobeh.
  4676 | D:5      | Reached skill level 1 in Fighting
  4676 | D:5      | Reached skill level 1 in Armour
  4690 | D:5      | Found Feogom's Gadget Shoppe.
  4731 | D:5      | Found an opulent altar of Gozag.
  4732 | D:5      | Found a glowing silver altar of Zin.
  4861 | D:5      | HP: 1/38 [orc priest/divine providence (16)]
  4861 | D:5      | Slain by an orc priest

Vault maps used:
D:1:      minmay_arrival_widening_spiral_wide
D:2:      old_standard_altar, columned_hall_lemuel, uniq_sigmund
D:3:      minivault_19, minivault_4
D:4:      overflow_temple_1_default, grunt_temple_overflow_open, temple_statues,
          minmay_goblin_outpost
D:5:      grunt_temple_overflow_gold_and_silver, nicolae_overflow_hidden_temple,
          lemuel_doored_altar, serial_shops, shop, first_bread,
          minmay_misc_feat_alley, grunt_ministairs_15
Temple:   nicolae_temple_hex_pool_5

Action                   |  1- 3 |  4- 6 |  7- 9 || total
-------------------------+-------+-------+-------++-------
Melee: Unarmed           |    32 |       |       ||    32
       Club              |     9 |    21 |       ||    30
       Mace              |       |    99 |       ||    99
       Flail             |       |       |    37 ||    37
 Cast: Sandblast         |    61 |    72 |    71 ||   204
       Stoneskin         |       |     1 |     1 ||     2
  Use: Scroll            |     5 |     6 |     3 ||    14
       Potion            |       |     1 |       ||     1
 Stab: Sleeping          |       |     3 |     1 ||     4
  Eat: Chunk             |     2 |     6 |     4 ||    12
